 Dungeon Crawl Stone Soup version 0.20-a0-641-g673355a (webtiles) character file.

109 graki42 the Covered (level 5, 0/36 HPs)
             Began as a Halfling Fighter on Feb 13, 2017.
             Killed from afar by an orc wizard (2 damage)
             ... with a magic dart
             ... on level 3 of the Dungeon.
             The game lasted 00:04:46 (1929 turns).

graki42 the Covered (Halfling Fighter)              Turns: 1929, Time: 00:04:47

Health: 0/36       AC:  7    Str: 19    XL:     5   Next: 13%
Magic:  5/5        EV: 15    Int:  7    God:
Gold:   173        SH: 10    Dex: 19    Spells: 4/4 levels left

rFire    . . .     SeeInvis .   a - +0 long sword
rCold    . . .     Gourm    .   b - +0 scale mail
rNeg     . . .     Faith    .   c - +0 shield
rPois    +         Spirit   .   (no helmet)
rElec    .         Reflect  .   (no cloak)
rCorr    .         Harm     .   (no gloves)
MR       .....                  (no boots)
Stlth    +.........             (no amulet)
Regen    0.2/turn               m - +2 ring of strength
MPRegen  0.1/turn               l - ring of poison resistance

@: agile, very slightly contaminated, invisible (expiring)
A: mutation resistance 1
a: no special abilities


You were on level 3 of the Dungeon.
You were not hungry.

You visited 1 branch of the dungeon, and saw 3 of its levels.

You collected 173 gold pieces.

Inventory:

Hand Weapons
 a - a +0 long sword (weapon)
Armour
 b - a +0 scale mail (worn)
 c - a +0 shield (worn)
Jewellery
 l - a ring of poison resistance (left hand)
 m - a +2 ring of strength (right hand)
Scrolls
 e - a scroll of recharging {unknown}
 g - a scroll of teleportation {unknown}
 i - 2 scrolls of enchant armour {unknown}
 k - 2 scrolls of remove curse {unknown}
 n - a scroll of magic mapping {unknown}
 o - a scroll of identify {unknown}
 q - a scroll of blinking {unknown}
Potions
 d - a potion of might
 h - 3 potions of curing
 j - a potion of agility
Comestibles
 f - 2 bread rations


   Skills:
 + Level 3.3 Fighting
 + Level 2.8 Long Blades
 + Level 4.1 Armour
 + Level 1.0 Dodging
 + Level 3.9 Shields


You had 4 spell levels left.
You didn't know any spells.

Dungeon Overview and Level Annotations

Branches:
Dungeon (3/15)

Altars:
Cheibriados
Yredelemnul


Innate Abilities, Weirdness & Mutations

You are small and have problems with some larger weapons.
You are somewhat resistant to further mutation.


Message History

* * * LOW HITPOINT WARNING * * *
You see here a meat ration.
Unknown command.
You hit the orc priest.
The orc priest is moderately wounded.
You block the orc wizard's attack. You block the orc priest's attack.
The orc wizard barely misses you.
Your shield and scale mail prevent you from hitting the orc priest.
The orc priest is moderately wounded.
The orc wizard gestures at you while chanting.
The magic dart hits you!
* * * LOW HITPOINT WARNING * * *
The orc priest barely misses you. You block the orc wizard's attack.
You flicker for a moment.
You hit the orc wizard but do no damage.
The orc wizard is severely wounded.
You block the orc wizard's attack.
The orc wizard points at you and mumbles some strange words.
The magic dart hits you!
You die...

# .# ##.## .# ....#
####.# ....
.....######### #..#
#.......@oo.########
#..#
##†####.####%.)......
#..#
#..##.....##.)###.###
###..###..#.......#o.#
.......)†.#.......#..#
##.#.####....._......#
# #.###..#.......#..#
#......#.......#..#
#......##.....##..#


You could see an orc priest and an orc wizard.

Vanquished Creatures
  An orc priest (D:3)
  2 adders
  An ooze (D:2)
  A worm (D:3)
  4 dart slugs
  A leopard gecko (D:1)
  3 orcs (D:3)
  A giant cockroach (D:1)
  6 goblins
  4 hobgoblins
  3 quokkas (D:2)
  A ball python (D:1)
  7 bats
  A frilled lizard (D:3)
  2 gnoll zombies (D:2)
  2 kobolds
  5 rats
45 creatures vanquished.

Notes
Turn   | Place    | Note
-------+----------+-------------------------------------------
     0 | D:1      | graki42 the Halfling Fighter began the quest for the Orb.
     0 | D:1      | Reached XP level 1. HP: 15/15 MP: 1/1
   145 | D:1      | Reached XP level 2. HP: 18/20 MP: 2/2
   713 | D:1      | Reached XP level 3. HP: 26/26 MP: 3/3
  1473 | D:2      | Found a basalt altar of Yredelemnul.
  1517 | D:2      | Reached XP level 4. HP: 31/31 MP: 4/4
  1741 | D:3      | Reached skill level 4 in Armour
  1767 | D:3      | Found a snail-covered altar of Cheibriados.
  1912 | D:3      | Reached skill level 1 in Dodging
  1912 | D:3      | Reached XP level 5. HP: 9/36 MP: 5/5
  1924 | D:3      | HP: 1/36 [orc wizard/magic dart (1)]
  1929 | D:3      | Killed from afar by an orc wizard

Vault maps used:
D:1:      dpeg_arrival_connections, minmay_misc_feat_chi, minmay_tripent
D:2:      lemuel_zombie_altar_yredelemnul, minivault_19
D:3:      bloody_trog, old_standard_altar, amethyst_overflow_temple_binary,
          first_bread, roderic_greek_sauvastika, uniq_crazy_yiuf_cottage

Skill      XL: |  1  2  3  4 |
---------------+-------------+-----
Fighting       | 3 |  3.3
Armour         | 4 |  4.1
Dodging        | 1 |  1.0
Long Blades    | |  2.8
Shields        | |  3.9

Action                   |  1- 3 |  4- 6 || total
-------------------------+-------+-------++-------
Melee: Long sword        |   114 |    61 ||   175
  Use: Potion            |       |     4 ||     4
  Eat: Chunk             |     2 |     2 ||     4
Armor: Scale mail        |    37 |    25 ||    62
Dodge: Dodged            |    34 |    31 ||    65
Block: Shield            |    60 |    34 ||    94
       Rpst.: Long sword |    12 |    11 ||    23
